 Dungeon Crawl Stone Soup version 0.21-a0-264-g3e31e41 (webtiles) character file.

85 Jeffwins the Skirmisher (level 4, 0/25 HPs)
             Began as a Vine Stalker Fighter on Sept 10, 2017.
             Slain by a gnoll (2 damage)
             ... on level 2 of the Dungeon.
             The game lasted 00:01:11 (773 turns).

Jeffwins the Skirmisher (Vine Stalker Fighter)       Turns: 773, Time: 00:01:12

Health: 0/25       AC:  6    Str: 19    XL:     4   Next: 48%
Magic:  0/5        EV:  7    Int:  8    God:
Gold:   38         SH:  9    Dex: 14    Spells: 3/3 levels left

rFire    . . .     SeeInvis .   a - +0 long sword
rCold    . . .     Gourm    +   c - +0 shield
rNeg     . . .     Faith    .   b - +0 scale mail
rPois    .         Spirit   +   (no helmet)
rElec    .         Reflect  .   (no cloak)
rCorr    .         Harm     .   (no gloves)
MR       .....                  (no boots)
Stlth    ..........             k - amulet of the gourmand
HPRegen  0.48/turn              (no ring)
MPRegen  0.09/turn              (no ring)

@: no status effects
A: fangs 2, regeneration 1, magic shield, antimagic bite, no potion heal 3, rot
immunity
a: no special abilities


You were on level 2 of the Dungeon.
You were not hungry.

You visited 1 branch of the dungeon, and saw 2 of its levels.

You collected 38 gold pieces.

Inventory:

Hand Weapons
 a - a +0 long sword (weapon)
Armour
 b - a +0 scale mail (worn)
 c - a +0 shield (worn)
Jewellery
 k - an amulet of the gourmand (around neck)
Scrolls
 e - 2 scrolls of identify {unknown}
 g - a scroll of magic mapping {unknown}
 j - 2 scrolls of random uselessness {unknown}
 l - a scroll of teleportation {unknown}
Potions
 d - a potion of might
 h - a potion of berserk rage {unknown}
 i - a potion of invisibility {unknown}
Comestibles
 f - a bread ration


   Skills:
 + Level 3.6 Fighting
 * Level 2.9 Long Blades
 - Level 2.4 Armour
 + Level 3.1 Shields


You had 3 spell levels left.
You didn't know any spells.

Dungeon Overview and Level Annotations

Branches:
Dungeon (2/15)

Altars:

Annotations:
D:2 Jessica


Innate Abilities, Weirdness & Mutations

You have extremely sharp teeth.
Your natural rate of healing is unusually fast.
When hurt, damage is shared between your health and your magic reserves.
Your bite disrupts and absorbs the magic of your enemies.
Potions cannot restore your health.
You are immune to rotting.


Message History

You see here a spear.
You barely miss the gnoll. The gnoll hits you.
* * * LOW HITPOINT WARNING * * *
The gnoll barely misses you.
You hit the gnoll.
The gnoll is lightly wounded.
Jessica gestures wildly while chanting.
Jessica blinks!
The gnoll hits you.
* * * LOW HITPOINT WARNING * * *
Jessica gestures wildly while chanting.
Jessica blinks!
You completely miss the gnoll. You bite the gnoll. You drain its power.
You feel invigorated.
The gnoll is moderately wounded.
The gnoll hits you.
* * * LOW HITPOINT WARNING * * *
You slash the gnoll! Your bite misses the gnoll.
The gnoll is almost dead.
The gnoll hits you.
You die...

#.# #> #.# # .##.
#.###### . ...
#......# # #.#..
#.####.# .##.#..###.#
#.# . .......##.# #.#
.##.#.#.##.# #(#
...........# #@#
##.#.#.#######g#
#.....# #...####
###†### #.#...g#
####...# #..>##.#
#......# #..... .#
#.##...# # #.⌠..P. #
##.####.........P@..
........####....P≈...


You could see a gnoll and Jessica.

Vanquished Creatures
  2 gnolls (D:2)
  2 adders (D:2)
  An ooze (D:2)
  3 dart slugs (D:1)
  A leopard gecko (D:1)
  3 giant cockroaches (D:1)
  5 goblins
  A hobgoblin (D:2)
  4 bats
  4 frilled lizards (D:1)
  7 kobolds
  6 rats
39 creatures vanquished.

Notes
Turn   | Place    | Note
-------+----------+-------------------------------------------
     0 | D:1      | Jeffwins the Vine Stalker Fighter began the quest for the Orb.
     0 | D:1      | Reached XP level 1. HP: 11/11 MP: 2/2
   126 | D:1      | Reached XP level 2. HP: 16/16 MP: 3/3
   310 | D:1      | Reached XP level 3. HP: 13/20 MP: 4/4
   716 | D:2      | Gained mutation: Your natural rate of healing is unusually fast. [Vine Stalker growth]
   716 | D:2      | Reached XP level 4. HP: 24/24 MP: 5/5
   744 | D:2      | Noticed Jessica
   773 | D:2      | Slain by a gnoll

Vault maps used:
D:1:      dpeg_arrival_concentric_ovals, minmay_pentomino_s4
D:2:      tso_oasis_becter, first_bread, uniq_jessica

Skill      XL: |  1  2  3 |
---------------+----------+-----
Long Blades    | 2 |  2.9
Fighting       | 3 |  3.6
Shields        | 3 |  3.1
Armour         | |  2.4

Action                   |  1- 3 |  4- 6 || total
-------------------------+-------+-------++-------
Melee: Long sword        |    77 |    20 ||    97
       Bite              |    20 |     7 ||    27
  Eat: Chunk             |     1 |       ||     1
Armor: Scale mail        |    43 |     7 ||    50
Dodge: Dodged            |    33 |    10 ||    43
Block: Shield            |    38 |    11 ||    49
       Rpst.: Long sword |    10 |     1 ||    11

Table legend:
 A = Spawn XP
 B = Non-spawn XP
 C = Spawn XP percentage of total XP
 D = Spawn monster count
 E = Non-spawn monster count
 F = Spawn count percentage of total count
 G = Total turns spent on level
                    A         B        C        D         E        F      G
               +---------+---------+-------+---------+---------+-------+---------
         Total |       0 |     122 |   0.0 |       0 |      39 |   0.0 |   773
               +---------+---------+-------+---------+---------+-------+---------
           D:1 |       0 |      52 |   0.0 |       0 |      29 |   0.0 |   589
           D:2 |       0 |      70 |   0.0 |       0 |      10 |   0.0 |   184
               +---------+---------+-------+---------+---------+-------+---------
